 Dungeon Sprint DCSS version 0.29.1-15-g9cfb28693d (webtiles) character file.

Game seed: 17677886174590993341

3826 boopmooplesden the Impaler (level 9, -7/101 HPs)
             Began as a Minotaur Berserker on Mar 11, 2023.
             Was the Champion of Trog.
             Mangled by a queen bee (8 damage)
             ... in the Dungeon (Sprint III: "The Ten Rune Challenge").
             The game lasted 00:04:07 (1804 turns).

boopmooplesden the Impaler (Minotaur Berserker)     Turns: 1804, Time: 00:04:07

Health: -7/101     AC:  4    Str: 25    XL:     9   Next: 97%
Magic:  8/8        EV: 15    Int:  4    God:    Trog [******]
Gold:   2256       SH:  0    Dex: 11    Spells: 8/8 levels left

rFire   . . .      SeeInvis .   u - +3 bardiche (flame)
rCold   . . .      Faith    .   (shield currently unavailable)
rNeg    . . .      Spirit   .   i - +0 leather armour
rPois   .          Reflect  .   (helmet restricted)
rElec   .          Harm     .   (no cloak)
rCorr   .          Rampage  .   (no gloves)
Will    ++...      NoTele   +   (no boots)
Stlth   ++........              (no amulet)
HPRegen 1.26/turn               (no ring)
MPRegen 0.11/turn               (no ring)

@: strong-willed, on berserk cooldown, regenerating, slowed, very slow
A: horns 2, retaliatory headbutt
a: Renounce Religion, Berserk, Trog's Hand, Brothers in Arms


You were in the Dungeon.
You worshipped Trog.
Trog was exalted by your worship.
You visited 1 branch You collected 2256 gold pieces.

Inventory:

Hand Weapons
 a - a +0 spear
 j - a +4 quarterstaff of chaos
 m - a +2 long sword of holy wrath
 n - a +4 halberd of flaming
 t - a +2 glaive of flaming
 u - a +3 bardiche of flaming (weapon)
Armour
 b - a +0 animal skin
 i - a +0 leather armour (worn)
 k - a +0 cloak
Wands
 l - a wand of flame (12)
Scrolls
 h - a scroll of blinking
Potions
 c - a potion of curing
 e - 2 potions of haste
 f - 2 potions of magic
 g - a potion of berserk rage
 o - a potion of lignification
 p - 2 potions of flight
 r - a potion of ambrosia
 s - a potion of attraction {unknown}
Miscellaneous
 q - a condenser vane


   Skills:
 + Level 16.6 Fighting
 + Level 17.5 Polearms
 + Level 9.8 Armour
 + Level 9.2 Dodging
 + Level 2.4 Stealth


You had 8 spell levels left.
You didn't know any spells.
Your spell library was empty.

Dungeon Overview and Level Annotations

Branches:
Dungeon (1/1)

Altars:
Cheibriados
Dithmenos
Elyvilon
Fedhas
Gozag
Hepliaklqana
Kikubaaqudgha
Makhleb
Nemelex Xobeh
Okawaru
Qazlal
Ru
Sif Muna
Trog
Uskayaw
Vehumet
Wu Jian
Xom
Yredelemnul
Zin
The Shining One
Jiyva
Lugonu

Shops:
D (


Innate Abilities, Weirdness & Mutations

You have a pair of horns on your head.
You reflexively headbutt those who attack you in melee.


Message History

You slice the queen bee!! You burn the queen bee! You headbutt the queen bee.
The queen bee is almost dead.
You feel very sick.
You hear an angry buzzing noise. x4
You hit the queen bee but do no damage. Your headbutt misses the queen bee.
The queen bee is almost dead.
You are no longer berserk.
You are exhausted.
You feel yourself slow down.
You feel sick.
You hear an angry buzzing noise. x3
A killer bee comes into view.
The queen bee fails to trigger a net trap.
You hear an angry buzzing noise. x2
You closely miss the queen bee.
The queen bee is almost dead.
You feel very sick. The killer bee stings you.
* * * LOW HITPOINT WARNING * * *
The queen bee calls on the killer bee to defend it!
The killer bee goes berserk!
The killer bee closely misses you.
You feel much better.
You feel sick. The killer bee stings you.
You are more poisoned.
The killer bee poisons you! The killer bee stings you.
* * * LOW HITPOINT WARNING * * *
You are more poisoned.
The killer bee poisons you! The killer bee closely misses you.
The queen bee stings you!
* * * LOW HITPOINT WARNING * * *
You are lethally poisoned!
The queen bee poisons you! The killer bee misses you. The queen bee stings you!
* * * LOW HITPOINT WARNING * * *
You feel better. The killer bee closely misses you. You furiously retaliate!
You headbutt the killer bee. The killer bee stings you.
* * * LOW HITPOINT WARNING * * *
The killer bee stings you!
* * * LOW HITPOINT WARNING * * *
The killer bee stings you.
* * * LOW HITPOINT WARNING * * *
The queen bee stings you!
You die...

#.##..+ .....## ....##
....# ###.# # ###
########################
#.#.#.....#..^^.yyyyy~≈#
.#.##)###.#.....@#
.#.##.#.)##......#
..#..##..'...^...#
▓▓▓▓▓▓▓▓▓#^^^.^..#
#.......# +......^#
#..^....# ##+######


You could see a queen bee and 4 killer bees.

Vanquished Creatures
  Erolcha (D)
  A deep elf pyromancer (D)
  A shadow (D)
  2 redbacks (D)
  A spatial vortex (D)
  3 orc warriors (D)
  5 two-headed ogres (D)
  A necrophage (D)
  A water elemental (D)
  11 killer bees (D)
  Crazy Yiuf (D)
  4 orc priests (D)
  A jelly (D)
  Jessica (D)
  A necromancer (D)
  An orc wizard (D)
  A wizard (D)
  3 humans (D)
  A kobold demonologist (D)
  9 orcs (D)
  A ball python (D)
  3 rats (D)
54 creatures vanquished.

Notes
Turn   | Place    | Note
-------+----------+-------------------------------------------
     0 | D        | boopmooplesden the Minotaur Berserker began the quest for
                  | the Orb.
     0 | D        | Reached XP level 1. HP: 19/19 MP: 0/0
     6 | D        | Reached skill level 4 in Polearms
    11 | D        | Noticed Jessica
    14 | D        | Killed Jessica
    14 | D        | Reached ** piety under Trog
    15 | D        | Reached skill level 5 in Fighting
    15 | D        | Reached skill level 5 in Polearms
    15 | D        | Reached XP level 2. HP: 26/30 MP: 1/1
    68 | D        | Reached skill level 6 in Polearms
    68 | D        | Reached XP level 3. HP: 19/37 MP: 2/2
    72 | D        | Noticed Crazy Yiuf
    79 | D        | Killed Crazy Yiuf
    80 | D        | Reached skill level 7 in Polearms
    80 | D        | Reached XP level 4. HP: 26/47 MP: 3/3
   119 | D        | Gained mutation: You occasionally lose the ability to read
                  | scrolls when taking damage. [potion of mutation]
   119 | D        | Gained mutation: You are robust. (+10% HP) [potion of
                  | mutation]
   120 | D        | Lost mutation: You are robust. (+10% HP) [potion of
                  | mutation]
   120 | D        | Lost mutation: You occasionally lose the ability to read
                  | scrolls when taking damage. [potion of mutation]
   258 | D        | Noticed a water elemental
   263 | D        | Killed a water elemental
   263 | D        | Reached *** piety under Trog
   264 | D        | Reached skill level 8 in Polearms
   351 | D        | Found a basalt altar of Yredelemnul.
   351 | D        | Found a shadowy altar of Dithmenos.
   351 | D        | Found a sacrificial altar of Ru.
   351 | D        | Noticed a necrophage
   354 | D        | Reached XP level 5. HP: 56/56 MP: 4/4
   361 | D        | Reached skill level 9 in Polearms
   361 | D        | Reached skill level 5 in Armour
   400 | D        | Found a hide-covered altar of Uskayaw.
   400 | D        | Found an iron altar of Okawaru.
   400 | D        | Found a bloodstained altar of Trog.
   400 | D        | Found an ornate altar of the Wu Jian Council.
   400 | D        | Noticed a human
   407 | D        | Killed a human
   407 | D        | Reached **** piety under Trog
   408 | D        | Reached skill level 10 in Fighting
   408 | D        | Reached skill level 11 in Polearms
   408 | D        | Reached skill level 5 in Dodging
   408 | D        | Reached XP level 6. HP: 67/67 MP: 5/5
   408 | D        | Noticed a human
   415 | D        | Killed a human
   453 | D        | Found a radiant altar of Vehumet.
   455 | D        | Found a shimmering blue altar of Sif Muna.
   455 | D        | Found an ancient bone altar of Kikubaaqudgha.
   457 | D        | Reached XP level 7. HP: 74/74 MP: 6/6
   459 | D        | Reached skill level 12 in Polearms
   548 | D        | Found a glowing silver altar of Zin.
   550 | D        | Found a glowing golden altar of the Shining One.
   550 | D        | Found a white marble altar of Elyvilon.
   550 | D        | Noticed a deep elf pyromancer
   558 | D        | Killed a deep elf pyromancer
   558 | D        | Reached ***** piety under Trog
   559 | D        | Reached skill level 13 in Polearms
   721 | D        | Noticed a shadow
   727 | D        | Killed a shadow
   727 | D        | Received a gift from Trog
   728 | D        | Reached XP level 8. HP: 86/86 MP: 7/7
   777 | D        | Found a blossoming altar of Fedhas.
   777 | D        | Found a stormy altar of Qazlal.
   777 | D        | Found a snail-covered altar of Cheibriados.
   777 | D        | Found a burning altar of Makhleb.
   777 | D        | Found a shimmering altar of Xom.
   778 | D        | Found a hazy altar of Hepliaklqana.
   778 | D        | Found an opulent altar of Gozag.
   778 | D        | Found a sparkling altar of Nemelex Xobeh.
   778 | D        | Found a corrupted altar of Lugonu.
   778 | D        | Found a viscous altar of Jiyva.
   790 | D        | Reached skill level 14 in Polearms
   962 | D        | Noticed a two-headed ogre
   968 | D        | Killed a two-headed ogre
   969 | D        | Reached skill level 15 in Polearms
   969 | D        | Reached skill level 1 in Stealth
  1176 | D        | Noticed a two-headed ogre
  1176 | D        | Noticed Erolcha
  1181 | D        | Killed Erolcha
  1182 | D        | Reached skill level 15 in Fighting
  1182 | D        | Reached skill level 16 in Polearms
  1182 | D        | Reached XP level 9. HP: 97/97 MP: 8/8
  1185 | D        | Killed a two-headed ogre
  1189 | D        | Received a gift from Trog
  1434 | D        | Found Gothan's Antique Weapon Emporium.
  1445 | D        | Received a gift from Trog
  1473 | D        | Reached skill level 17 in Polearms
  1474 | D        | Reached ****** piety under Trog
  1475 | D        | Received a gift from Trog
  1789 | D        | Received a gift from Trog
  1791 | D        | Noticed a queen bee
  1803 | D        | HP: 4/101 [queen bee (14)]
  1804 | D        | HP: 1/101 [killer bee (2)]
  1804 | D        | Mangled by a queen bee

Illustrated notes

Levels and vault maps discovered:
D:        dungeon_sprint_mu [sprint_mu_entry_forest, sprint_mu_temple_rooms,
          sprint_mu_d1_spiders, sprint_mu_d2_genie, sprint_mu_d3_branching,
          sprint_mu_orc_legion, sprint_mu_elf_gauntlet, sprint_mu_hive_nellie,
          sprint_mu_lair_fedhas, sprint_mu_vaults_butterflies,
          sprint_mu_slime_circle, sprint_mu_shoals_archi,
          sprint_mu_snake_twists, sprint_mu_blade_basic,
          sprint_mu_crypt_fortress, sprint_mu_tomb_spiral,
          sprint_mu_vestibule_basic, sprint_mu_gehenna_hellfire,
          sprint_mu_dis_giant, sprint_mu_tartarus_statrot,
          sprint_mu_cocytus_islands, sprint_mu_zot1]

Skill      XL: |  1  2  3  4  5  6  7  8  9 |
---------------+----------------------------+-----
Fighting       | 5 6 7 8 10 11 13 15 16 | 16.6
Polearms       | 5 6 7 8 11 13 16 17 | 17.5
Armour         | 3 4 6 7 8 9 |  9.8
Dodging        | 3 4 5 7 8 9 |  9.2
Stealth        | 1 2 |  2.4

Action                   |  1- 3 |  4- 6 |  7- 9 || total
-------------------------+-------+-------+-------++-------
Melee: Spear             |    30 |    23 |    13 ||    66
       Headbutt          |     5 |     4 |    20 ||    29
       Halberd           |       |       |    29 ||    29
       Bardiche          |       |       |    27 ||    27
       Glaive            |       |       |    26 ||    26
Invok: Berserk           |     1 |     4 |     6 ||    11
       Trog's Hand       |       |       |     2 ||     2
Evoke: Condenser vane    |       |       |     1 ||     1
  Use: Scroll            |       |     5 |       ||     5
       Potion            |       |     2 |     3 ||     5
Armor: Leather armour    |     3 |     1 |     8 ||    12
Dodge: Dodged            |    14 |     4 |    58 ||    76
